[Event "*** Titled Tuesday Blitz"]
[Site "Chess.com"]
[Date "2020.05.12"]
[Round "6"]
[White "BogdanDeac"]
[Black "VishnuPrasanna"]
[Result "1-0"]
[WhiteElo "2930"]
[BlackElo "2701"]
[TimeControl "180+1"]
[EndTime "11:07:48 PDT"]
[Termination "BogdanDeac won by checkmate"]

1. Nf3 c5 2. c4 Nc6 3. e3 Nf6 4. Nc3 d5 5. cxd5 Nxd5 6. Bb5 Nxc3 7. bxc3 Bd7 8. O-O e6 9. d4 Bd6 10. e4 O-O 11. Qe2 cxd4 12. cxd4 a6 13. Bc4 Rc8 14.
a4 Na5 15. Bd3 Nb3 16. Rb1 Nxc1 17. Rfxc1 Rxc1+ 18. Rxc1 Bxa4 19. h4 g6 20. h5 Re8 21.
Qb2 Bc6 22. hxg6 hxg6 23. d5 exd5 24. e5 Bf8 25. Nd4 Qg5 26. Nxc6 bxc6 27. Rxc6 Rxe5 28.
Bxa6 Re1+ 29. Bf1 Qf4 30. Rc8 Qf5 31. Qb8 Rxf1+ 32. Kxf1 Qd3+ 33. Ke1 Qe4+ 34. Kd1 Qd4+ 35. Kc1 Qa1+ 36. Kc2 Qa4+ 37. Kd3 Qe4+ 38. Kc3 Qe7 39. Re8 Qc5+ 40. Kd3 Kh7 41. Rxf8 Qc4+ 42. Kd2 d4 43.
Rh8+ Kg7 44. Qf8+ Kf6 45. Qd8+ Kg7 46. Re8 Qc3+ 47. Ke2 Qc2+ 48. Kf3 Qd3+ 49. Kf4 Qf5+ 50. Kg3 Qc5 51. f3 d3 52. Re4 Qc6 53. Qd4+ Kg8 54. Qxd3 Qc7+ 55. f4 Qc8 56. Rd4 Qc1 57. Rd8+ Kh7 58.
Qd4 Qe1+ 59. Kh3 Qh1+ 60. Kg3 Qe1+ 61. Kf3 Qf1+ 62. Qf2 Qh1 63. Rd2 f5 64. Qg3 Qf1+ 65. Ke3 Qb5 66. Qh4+ Kg7 67. Qe7+ Kh6 68. Qf8+ Kh5 69.
Qh8+ Kg4 70. Qh3# 1-0

[Event "*** Titled Tuesday Blitz"]
[Site "Chess.com"]
[Date "2020.05.12"]
[Round "6"]
[White "Steven_Rojas"]
[Black "Boudicca64"]
[Result "1/2-1/2"]
[WhiteElo "2349"]
[BlackElo "2040"]
[TimeControl "180+1"]
[EndTime "11:07:49 PDT"]
[Termination "Game drawn by repetition"]

1. c4 e6 2. Nc3 d5 3. e3 Nf6 4. Nf3 Be7 5. b3 c5 6. cxd5 Nxd5 7.
Bb2 Nc6 8. Be2 Bf6 9. O-O O-O 10. Qc1 Ndb4 11. Ne4 Bxb2 12. Qxb2 b6 13. a3 Nd5 14.
Rfd1 Qe7 15. d4 cxd4 16. Nxd4 Nxd4 17. Rxd4 Bb7 18. Rad1 Rfd8 19. Bf3 Rab8 20. b4 Ba8 21.
Qe2 Nf6 22. Nd6 Bxf3 23. Qxf3 Ne8 24. Ne4 Rxd4 25. Rxd4 Rd8 26. Qd1 Rxd4 27. Qxd4 Nf6 28.
Nxf6+ Qxf6 29. Qxf6 gxf6 30. Kf1 Kf8 31. Ke2 Ke7 32. Kd3 Kd6 33. Kc4 Kc6 34. e4 h6 35.
f4 e5 36. g3 a6 37. a4 b5+ 38.
axb5+ axb5+ 39. Kd3 Kd6 40. Ke3 h5 41. f5 Ke7 42. Kf3 Kf8 43. Kg2 Kg7 44. Kh3 Kh7 45. Kh4 Kh6 46. h3 Kg7 47. Kxh5 Kh7 48. g4 Kg7 49. h4 Kh7 50. g5 Kg7 51. gxf6+ Kh7 52.
Kg4 Kh6 53. Kh3 Kh7 54. Kg3 Kh6 55. Kg4 Kh7 56. Kh5 Kg8 57. Kh6 Kh8 58. h5 Kg8 59. Kg5 Kh8 60. h6 Kg8 61. h7+ Kxh7 62. Kh5 Kg8 63.
Kh6 Kh8 64. Kg5 Kh7 65. Kh5 Kg8 66. Kh4 Kh7 67. Kh3 Kh6 68. Kg4 Kh7 69. Kg5 Kg8 70. Kh6 Kh8 71. Kh5 Kh7 72. Kg4 Kh6 73. Kf3 Kg5 74.
Kg3 Kxf6 75. Kg4 Kg7 76. Kh5 f6 77. Kg4 Kh7 78. Kh4 Kg7 79. Kg4 Kh7 80. Kh5 Kg7 81. Kh4 Kh6 82. Kg4 Kg7 83. Kg3 Kh7 84. Kh3 Kh6 85. Kg4 Kh7 1/2-1/2

[Event "*** Titled Tuesday Blitz"]
[Site "Chess.com"]
[Date "2020.05.12"]
[Round "6"]
[White "DonPreuss"]
[Black "BvsN"]
[Result "1-0"]
[WhiteElo "2192"]
[BlackElo "2370"]
[TimeControl "180+1"]
[EndTime "11:07:51 PDT"]
[Termination "DonPreuss won by checkmate"]

1. d4 d5 2. e4 dxe4 3. Nc3 Nf6 4.
f3 Bf5 5. fxe4 Nxe4 6. Qf3 Nxc3 7.
bxc3 e6 8. Qxb7 Nd7 9. Bb5 Bd6 10.
Bxd7+ Kxd7 11. Nf3 Qb8 12. Qa6 Qb6 13. Qe2 Qa5 14.
Bd2 Qd5 15. O-O Rhe8 16. Ne5+ Bxe5 17. dxe5 Ke7 18. c4 Qc5+ 19. Be3 Qc6 20. Rad1 Kf8 21. h3 Kg8 22. c5 Rad8 23. c3 Bg6 24. Bd4 Rb8 25.
Rd2 Rb7 26. Qf2 Reb8 27. Qf3 Qxf3 28. Rxf3 Rb1+ 29. Kh2 h5 30. g3 R8b2 31. Rxb2 Rxb2+ 32. Rf2 Rb1 33. Re2 Kf8 34. Kg2 Ke7 35. Kf2 Bd3 36. Rd2 Bc4 37. Ke3 Re1+ 38. Kf4 Rf1+ 39. Kg5 g6 40. g4 hxg4 41. hxg4 Ra1 42. Be3 Rxa2 43. Rd4 Ra4 44. Kh6 Bb5 45. Bg5+ f6 46.
Bxf6+ Ke8 47. Kxg6 Rxd4 48. cxd4 Bd3+ 49. Kg7 a5 50. Bg5 a4 51. Bc1 Kd7 52. Kf6 Bc2 53. g5 Kc6 54. g6 Bxg6 55. Kxg6 Kd5 56. Kf6 c6 57. Ke7 Kxd4 58. Kxe6 Kxc5 59. Kf7 Kc4 60. e6 Kb3 61. e7 Kc2 62. Ba3 Kb3 63. Bd6 a3 64. e8=Q a2 65. Qe1 Kc2 66. Qa1 c5 67. Bxc5 Kb3 68. Bd4 Kc4 69. Qc3+ Kb5 70. Qb2+ Kc4 71.
Bf6 Kc5 72. Qxa2 Kb5 73. Qc2 Kb6 74. Ke6 Kb7 75. Kd7 Ka8 76. Kc7 Ka7 77. Qa2# 1-0

[Event "*** Titled Tuesday Blitz"]
[Site "Chess.com"]
[Date "2020.05.12"]
[Round "6"]
[White "FM_VS99"]
[Black "ajdemipopushi"]
[Result "0-1"]
[WhiteElo "2357"]
[BlackElo "2222"]
[TimeControl "180+1"]
[EndTime "11:07:52 PDT"]
[Termination "ajdemipopushi won by resignation"]

1. c4 c5 2. g3 g6 3. Bg2 Bg7 4. Nf3 Nc6 5. Nc3 e6 6. d3 Nge7 7. Bg5 h6 8. Bd2 O-O 9. O-O b6 10. a3 Bb7 11. Rb1 d5 12. Qc1 Kh7 13. b4 cxb4 14.
axb4 dxc4 15. dxc4 Rc8 16. c5 bxc5 17. bxc5 Ba8 18.
Rd1 Qe8 19. Nb5 Nf5 20. Qa3 Ncd4 21. Nfxd4 Nxd4 22. Nxd4 Bxd4 23. Bxa8 Rxa8 24. Bxh6 Bxf2+ 25. Kxf2 Kxh6 26. Qe3+ Kg7 27. Rb7 Rc8 28. Qe5+ Kg8 29. Rd4 Qc6 30. Rxa7 Qxc5 31. Qxc5 Rxc5 32. Rdd7 Rf5+ 33.
Kg2 Rc8 34. g4 Rf6 35. Ra2 Rc4 36. h3 Re4 37. Rd3 Kg7 38. Rc2 g5 39. Kg3 Kg6 40. Ra3 Re5 41. Kg2 Rf4 42. Rc8 Rfe4 43. Rg8+ Kh7 44. Rf8 Rxe2+ 45. Kf3 Kg7 46. Rb8 Re1 47.
Rbb3 Rf1+ 48. Kg2 Rf4 49. Rf3 Re2+ 50. Kg3 Rxf3+ 51. Kxf3 Rh2 52. Kg3 Rb2 53. Ra5 Kg6 54. Ra3 e5 55. Rf3 f6 56. Re3 Rb4 57. Kf3 Kf7 58.
Kg3 Ke6 59. Rd3 Rd4 60. Ra3 e4 61. Kg2 Ke5 62. Ra5+ Rd5 63. Ra4 Kf4 64. Ra2 Rd4 65. Kf2 e3+ 66. Ke2 Rd2+ 67. Rxd2 exd2 68. Kxd2 Kg3 69. Ke3 Kxh3 70. Kf3 Kh4 71. Kf2 Kxg4 72.
Kg2 f5 73. Kf2 f4 74. Kg2 f3+ 75. Kf2 Kf4 76. Kf1 Kg3 77. Kg1 f2+ 78. Kf1 g4 79. Ke2 Kg2 0-1

[Event "*** Titled Tuesday Blitz"]
[Site "Chess.com"]
[Date "2020.05.12"]
[Round "6"]
[White "Kislov_Oleg"]
[Black "zmarian"]
[Result "1/2-1/2"]
[WhiteElo "2326"]
[BlackElo "2146"]
[TimeControl "180+1"]
[EndTime "11:07:52 PDT"]
[Termination "Game drawn by stalemate"]

1. d4 g6 2. e4 Bg7 3. Nc3 c5 4.
dxc5 Qa5 5. Bd2 Qxc5 6. Nf3 d6 7. Bd3 Nf6 8. O-O O-O 9. Qe2 a6 10. Rae1 Nc6 11. Be3 Qa5 12. a3 Bg4 13. h3 Bxf3 14. Qxf3 Ne5 15. Qe2 Nxd3 16. Qxd3 Rfc8 17. Bd4 e5 18.
Be3 Rc6 19. Rd1 h6 20. Rd2 Rac8 21. Rfd1 b5 22. f3 b4 23. axb4 Qxb4 24. Nd5 Nxd5 25. exd5 Rc4 26. b3 Rc3 27. Qe2 e4 28. f4 f5 29. Bd4 Bxd4+ 30. Rxd4 Qc5 31. Qxa6 Rxc2 32. Kh2 e3 33. Rc4 Rxc4 34. bxc4 e2 35. Re1 Re8 36. Qa2 Qf2 37. Qa1 Qxf4+ 38. Kh1 Qe5 39. Qc1 f4 40. Qd2 g5 41. Qd3 Qe4 42. Qc3 Qe5 43. Qd3 Kg7 44.
Kg1 Qe3+ 45. Qxe3 Rxe3 46. Kf2 Rc3 47. Rxe2 Rxc4 48. Re6 Rc2+ 49. Kf3 Rc3+ 50. Kf2 Rc2+ 51. Kg1 f3 52. gxf3 Rc3 53. Kg2 Rc2+ 54. Kg3 Rd2 55.
Rxd6 h5 56. Rd7+ Kf6 57. f4 Rd3+ 58. Kf2 gxf4 59. Rd6+ Ke5 60. Rd8 Rxd5 61. Re8+ Kf5 62. Rf8+ Kg5 63. Rg8+ Kh4 64. Rf8 Rd4 65. Kf3 Kxh3 66.
Rxf4 Rxf4+ 67. Kxf4 h4 68. Kf3 Kh2 69. Kf2 Kh1 70. Kf1 h3 71. Kf2 h2 72. Kf1 1/2-1/2

[Event "*** Titled Tuesday Blitz"]
[Site "Chess.com"]
[Date "2020.05.12"]
[Round "6"]
[White "levallem"]
[Black "Moon_stone123"]
[Result "1-0"]
[WhiteElo "2163"]
[BlackElo "2504"]
[TimeControl "180+1"]
[EndTime "11:07:55 PDT"]
[Termination "levallem won by checkmate"]

1. d4 Nf6 2. c4 g6 3. Nc3 Bg7 4. Nf3 O-O 5. e4 d6 6. Be2 c5 7. d5 e6 8. O-O exd5 9. exd5 Bf5 10. Bd3 Bxd3 11. Qxd3 Re8 12. Bg5 a6 13. Rfe1 Nbd7 14. Ne4 Qc7 15. Nc3 Ng4 16. Nd2 Nge5 17. Qc2 Rab8 18. a4 h6 19. Bh4 g5 20. Bg3 Ng6 21. f3 Rbd8 22. Kf1 Nde5 23. Re2 Qd7 24. Rae1 f5 25.
b3 Qf7 26. Kg1 h5 27. Nd1 h4 28. Bf2 Bf6 29. Qxf5 Nf4 30. Re3 Kg7 31. Ne4 Qg6 32.
Qxg6+ Kxg6 33. g3 hxg3 34. hxg3 Nfd3 35. Nxf6 Kxf6 36. R1e2 Rh8 37. Nc3 Nxf2 38. Rxf2 Rh3 39. Ne4+ Kg6 40. Rh2 Rxh2 41. Kxh2 Rh8+ 42. Kg2 Rd8 43.
Nxd6 Rxd6 44. Rxe5 Kf6 45. f4 gxf4 46. gxf4 Rb6 47.
Re3 Rd6 48. Kf3 Rd8 49. Re6+ Kf5 50. Re5+ Kf6 51. Ke4 Rh8 52. Re6+ Kf7 53. Rb6 Re8+ 54. Kf5 Re7 55. d6 Rd7 56. Ke5 Ke8 57. f5 Kf7 58. f6 Kg6 59. a5 Rf7 60. Kd5 Kxf6 61. d7+ Ke7 62. Rxb7 Rf5+ 63. Kc6 Rf6+ 64. Kxc5 Kd8 65.
Ra7 Rf3 66. b4 Rf6 67. b5 Rf5+ 68. Kb4 axb5 69. cxb5 Rf4+ 70. Kc5 Rf5+ 71. Kc6 Rf6+ 72. Kb7 Kxd7 73. b6 Rf5 74. a6 Rc5 75. Ra8 Rc1 76.
Rh8 Rc2 77. a7 Ke6 78. a8=Q Kd5 79. Qd8+ Kc4 80. Qc7+ Kb3 81. Qxc2+ Ka3 82. Kc7 Kb4 83. b7 Ka3 84. Rh3+ Kb4 85. Rb3+ Ka5 86. Qa2# 1-0

[Event "*** Titled Tuesday Blitz"]
[Site "Chess.com"]
[Date "2020.05.12"]
[Round "6"]
[White "GHANDEEVAM2003"]
[Black "Biranidun"]
[Result "0-1"]
[WhiteElo "2917"]
[BlackElo "2694"]
[TimeControl "180+1"]
[EndTime "11:07:56 PDT"]
[Termination "Biranidun won by resignation"]

1. Nf3 Nf6 2. c4 g6 3. Nc3 Bg7 4. e4 d6 5. d4 O-O 6. Be2 e5 7.
d5 a5 8. Be3 Ng4 9. Bg5 f6 10.
Bh4 Na6 11. Nd2 h5 12. a3 Bd7 13. Qc2 Qe8 14. b3 g5 15. Bg3 h4 16. Bxg4 hxg3 17.
f3 gxh2 18. Bxd7 Qxd7 19. g4 Kf7 20. Nf1 Rh8 21. Ng3 Nc5 22. Nh5 Rxh5 23. gxh5 Qh3 24.
O-O-O Qxf3 25. Rxh2 Bh6 26. Kb2 g4 27. Rf2 Qe3 28.
Rf5 Bf4 29. Qg2 Rg8 30. h6 Qh3 31. Qxh3 gxh3 32. h7 Rg2+ 33. Kb1 Kg7 34. Rh5 Kh8 35. b4 axb4 36. axb4 Nb3 37. Rxh3 Nd2+ 38. Rxd2 Bxd2 39. Nb5 Bxb4 40. Nxc7 Rg7 41. Ne8 Rxh7 42. Rb3 Bc5 43. Nxf6 Rh1+ 44. Kc2 Rh2+ 45. Kd1 b6 46. Nd7 Rh4 47.
Nf6 Kg7 48. Rf3 Kg6 49. Ke2 Rh2+ 50. Kd3 Bb4 51. Nd7 Bc5 52. Rf6+ Kg5 53. Rf5+ Kg4 54.
Nxc5 bxc5 55. Rf6 Rh3+ 56. Kc2 Re3 57. Rxd6 Rxe4 58. Kc3 Re3+ 59. Kd2 Re4 60. Kd3 Rd4+ 61. Kc3 e4 62. Re6 Kf3 63. d6 e3 64. Rf6+ Kg2 65.
Re6 Kf2 66. Rf6+ Ke1 67. Re6 e2 68. Kc2 Rxc4+ 69. Kd3 Rd4+ 70. Kc3 Kd1 71. d7 Rxd7 0-1

[Event "*** Titled Tuesday Blitz"]
[Site "Chess.com"]
[Date "2020.05.12"]
[Round "6"]
[White "tan275"]
[Black "Pedrada88"]
[Result "0-1"]
[WhiteElo "2183"]
[BlackElo "2394"]
[TimeControl "180+1"]
[EndTime "11:07:56 PDT"]
[Termination "Pedrada88 won by checkmate"]

1. d4 Nf6 2. c4 b6 3. d5 e6 4. a3 exd5 5. cxd5 Bd6 6. Nc3 O-O 7. e4 Re8 8. Bd3 Na6 9. Nf3 Nc5 10. O-O Ncxe4 11. Nxe4 Nxe4 12. Bxe4 Rxe4 13. Ng5 Rh4 14.
g3 Rh6 15. Nxf7 Kxf7 16. Bxh6 gxh6 17. Qh5+ Kg7 18. Rfe1 Qg5 19. Qe8 Qg6 20. Qd8 Bb7 21. Qxd7+ Qf7 22. Qg4+ Kf8 23. Qd4 Qg7 24. Qe4 Qf7 25.
Qd4 Kg8 26. Qg4+ Qg6 27. Qd4 Rf8 28. Re4 Qf6 29. Rg4+ Kh8 30. Qxf6+ Rxf6 31. Rd4 Bc5 32. Rd2 Kg7 33. Rad1 Kf7 34. b4 Bd6 35. Re1 a5 36. Re4 axb4 37. axb4 Rf5 38. Red4 Be5 39. R4d3 Ba6 40.
Re3 Bd6 41. f4 Bc4 42. Kg2 Bxd5+ 43. Kh3 Be6 44. Red3 Rxf4+ 45. Kg2 Rxb4 46. Rxd6 cxd6 47. Rxd6 Rb2+ 48. Kf3 b5 49. Rb6 b4 50. Rb8 Kf6 51. Rb7 b3 52. Rb6 Rxh2 53. Kf4 b2 54. Ke3 Kf5 55.
Kf3 Ba2 56. Rb5+ Ke6 57. Rxb2 Rxb2 58. Kg4 Rb3 59. Kh3 Rb5 60. Kh4 Bb1 61. Kh3 Bg6 62.
Kg2 Kf6 63. Kf2 Kg5 64. Kg2 Kg4 65. Kf2 Rb3 66. Kg2 Re3 67. Kf2 Rd3 68. Kg2 Be4+ 69.
Kf2 h5 70. Ke2 Rxg3 71. Kf2 h4 72. Ke2 h3 73. Kf2 h2 74. Ke2 h1=Q 75. Kf2 Qf3+ 76.
Ke1 Qe3+ 77. Kd1 Rg1# 0-1

[Event "*** Titled Tuesday Blitz"]
[Site "Chess.com"]
[Date "2020.05.12"]
[Round "6"]
[White "profofchess"]
[Black "Leonid_Starozhilov"]
[Result "0-1"]
[WhiteElo "2421"]
[BlackElo "2646"]
[TimeControl "180+1"]
[EndTime "11:07:57 PDT"]
[Termination "Leonid_Starozhilov won by resignation"]

1. e4 g6 2. d4 Bg7 3. Nc3 d6 4. Bg5 Nc6 5. d5 Nb8 6. Qd2 c6 7. Nf3 Qa5 8. h4 h6 9. Be3 Nf6 10. Be2 Bg4 11. O-O-O Bxf3 12. gxf3 Nbd7 13. Kb1 cxd5 14.
exd5 Rc8 15. Bd4 Nh5 16. Rdg1 Qb4 17. Rg4 Bxd4 18. Rxd4 Qa5 19. f4 Nhf6 20. Qe3 Kf8 21. Bf3 Nb6 22. Re1 Re8 23. Qd3 Nbd7 24. Qe3 Qb6 25.
Rd2 Qxe3 26. fxe3 a6 27. e4 Nb6 28. e5 Nfd7 29. e6 Nf6 30. Rde2 Kg7 31. Rg1 fxe6 32.
Rxe6 Kf7 33. Be4 Rhg8 34. Bf3 Nbd7 35. Re2 Nc5 36. Reg2 b5 37. Kc1 Rg7 38. Ne2 Nce4 39. Bxe4 Nxe4 40. Nd4 Nf6 41. f5 g5 42. hxg5 hxg5 43.
Ne6 Rgg8 44. Nxg5+ Rxg5 45. Rxg5 Rh8 46. Rg7+ Ke8 47.
R7g6 Kd7 48. Re1 Nxd5 49. Rg7 Re8 50. Rf7 Nf6 51. Rg7 Kd8 52. Rf7 Nd5 53. Re6 Nf4 54. Re4 Nd5 55. Rd4 Nf6 56. Rxf6 exf6 57. Rxd6+ Kc7 58.
Rxa6 Re5 59. Rxf6 Re4 60. Kd2 Rf4 61. Kd3 Rf1 62. Rf7+ Kd6 63. Rf8 Ke7 64. f6+ Kxf8 65.
Kd4 Rf5 66. c4 bxc4 67. Kxc4 Rxf6 68. a4 Ke8 69. a5 Kd8 70. b4 Kc8 71. b5 Kb7 72. Kc5 Rf5+ 73. Kb4 Rh5 74. Kc4 Kc7 75. Kb4 Kd6 76. a6 Kc7 77. Ka5 Rg5 78. a7 Kb7 79. a8=Q+ Kxa8 80. Ka6 Kb8 81. b6 Rg6 82. Kb5 Kb7 83.
Kc5 Rxb6 0-1

[Event "*** Titled Tuesday Blitz"]
[Site "Chess.com"]
[Date "2020.05.12"]
[Round "6"]
[White "Volodar_Murzin"]
[Black "Yaacovn"]
[Result "1-0"]
[WhiteElo "2752"]
[BlackElo "2846"]
[TimeControl "180+1"]
[EndTime "11:07:58 PDT"]
[Termination "Volodar_Murzin won on time"]

1. d4 Nf6 2. Nf3 e6 3. Bf4 b6 4.
Nbd2 Bb7 5. e3 Bd6 6. c3 Bxf4 7. exf4 O-O 8. Bd3 c5 9. O-O cxd4 10. Nxd4 Nc6 11.
Nxc6 Bxc6 12. Qe2 Qc7 13. g3 Rfe8 14. Rfe1 d6 15. Bb5 Rac8 16. Bxc6 Qxc6 17. Nf3 h6 18. Rad1 Red8 19. Nd4 Qc5 20. Qa6 Rd7 21. a4 Ne8 22. Rd2 Rb8 23. Qb5 Rc7 24. Red1 d5 25. f5 Nd6 26. Qe2 exf5 27. Qf3 g6 28. h4 Ne4 29. Rd3 h5 30. Qf4 Re8 31. Nc2 Qc6 32. Nb4 Qb7 33. Nxd5 Rc6 34. Rd4 Rce6 35. Qh6 Nf6 36. Nxf6+ Rxf6 37. Qf4 Rfe6 38. Qd2 Re2 39. Rd8 Kh7 40.
Rxe8 Rxe8 41. Qd3 Qe7 42. Qd5 Kg7 43. Rd3 Kg8 44. Re3 Qf8 45. Rxe8 Qxe8 46. Qb7 Qxa4 47. Qb8+ Kh7 48. Qc7 Kg7 49. Qe5+ Kg8 50. Qb8+ Kh7 51.
Qc7 Qd1+ 52. Kg2 Qd5+ 53. Kg1 Qd1+ 54. Kg2 Qd5+ 55. Kg1 Kg7 56. Qxa7 Qb3 57. Qa3 Qxa3 58.
bxa3 Kf6 59. Kf1 Ke5 60. Ke2 Kd5 61. Kd3 b5 62. c4+ bxc4+ 63. Kc3 f6 64. f4 Kc5 65.
a4 Kd5 66. a5 Kc5 67. a6 Kb6 68. Kxc4 Kxa6 69. Kd5 Kb5 70. Ke6 Kc4 71. Kxf6 Kd4 72. Kxg6 Ke4 73. Kxh5 Kf3 74. Kg5 1-0

[Event "*** Titled Tuesday Blitz"]
[Site "Chess.com"]
[Date "2020.05.12"]
[Round "6"]
[White "Alopekos"]
[Black "Kirill_Klukin"]
[Result "0-1"]
[WhiteElo "2480"]
[BlackElo "2698"]
[TimeControl "180+1"]
[EndTime "11:07:59 PDT"]
[Termination "Kirill_Klukin won by resignation"]

1. e4 c5 2. Nc3 Nc6 3. Nge2 e5 4. Nd5 Nf6 5. Nec3 Be7 6. Bc4 O-O 7. d3 d6 8. O-O Be6 9. f4 exf4 10. Bxf4 a6 11. Nxe7+ Qxe7 12. Bg5 Bxc4 13. dxc4 Qe5 14. Bxf6 gxf6 15.
Nd5 Kh8 16. Nxf6 Qd4+ 17. Kh1 Qxd1 18. Raxd1 Rad8 19. Rd5 Ne5 20. b3 b5 21. Rfd1 bxc4 22. Rxd6 Rxd6 23. Rxd6 cxb3 24. axb3 c4 25. Rxa6 Rd8 26.
Nd5 cxb3 27. cxb3 Rc8 28. h3 Kg7 29. Ne7 Rc1+ 30. Kh2 f6 31. Nf5+ Kg6 32. Ra7 Nf7 33. Nh4+ Kg7 34. Nf5+ Kg6 35. b4 Rb1 36. Rb7 h5 37.
Nh4+ Kg7 38. Nf5+ Kg6 39. b5 Rb4 40. Ne7+ Kg7 41. Nf5+ Kg6 42. Nh4+ Kg7 43. b6 Rxe4 44. Nf5+ Kg6 45. Ne7+ Kg5 46. Nd5 Nd6 47. Rg7+ Kh6 48. Nxf6 Rb4 49. Rh7+ Kg6 50. Rd7 Rxb6 51. Nd5 Ra6 52.
Nc7 Rc6 53. Nd5 Kg5 54. Ne7 Ra6 55. Nd5 Nf5 56. Ne7 Nh6 57. Nd5 h4 58. Rg7+ Kf5 59. Ne3+ Kf6 60. Rh7 Kg6 61. Re7 Ra3 62. Re4 Kg5 63.
Ng4 Nf5 64. Re5 Kg6 65. Re6+ Kg7 66. Re5 Ng3 67. Rg5+ Kf7 68. Ne5+ Kf6 69. Nf3 Rxf3 70. Rg4 Rf1 71. Rxg3 hxg3+ 72. Kxg3 Kg5 73. h4+ Kh5 74.
Kh3 Rf4 75. Kg3 Rg4+ 76. Kh3 Rxh4+ 77. Kg3 Rg4+ 0-1

[Event "*** Titled Tuesday Blitz"]
[Site "Chess.com"]
[Date "2020.05.12"]
[Round "6"]
[White "bilelou"]
[Black "Durarbayli"]
[Result "0-1"]
[WhiteElo "2508"]
[BlackElo "2782"]
[TimeControl "180+1"]
[EndTime "11:08:00 PDT"]
[Termination "Durarbayli won on time"]

1. e4 c5 2. Nf3 d6 3. d4 cxd4 4. Nxd4 Nf6 5. Nc3 Nc6 6. Bc4 e6 7. Be3 a6 8. Bb3 Na5 9. Qe2 Qc7 10. g4 b5 11. g5 Nd7 12. Bxe6 fxe6 13. Nxe6 Qc4 14.
Qxc4 Nxc4 15. Bd4 Kf7 16. Nxf8 Rxf8 17. b3 Nce5 18. O-O-O Nf3 19. Be3 Nde5 20. Rxd6 Be6 21. Kb2 Rfd8 22. Rb6 Rd7 23. a4 Ng4 24. axb5 axb5 25.
Nxb5 Nxe3 26. fxe3 Nxg5 27. h4 Nxe4 28. Rf1+ Nf6 29.
Nd4 Bd5 30. Nf5 Be4 31. Nd6+ Kg8 32. Rxf6 Bxc2 33. Rf2 Bg6 34. Nc4 Rd1 35. Kc3 Rc8 36. Kb4 Rh1 37. Rf4 Rb1 38. Nd6 Rd8 39. Rc4 Re1 40.
Rc7 Rxe3 41. Nc4 Re4 42. Rbb7 Rxh4 43. Rxg7+ Kh8 44. Rgc7 Bc2 45. Kc3 Bb1 46. Rd7 Re8 47. Nd6 Rf8 48. Nf7+ Kg8 49. Nd6 Bg6 50. b4 Rf3+ 51.
Kd2 Rd4+ 52. Ke2 Rf8 53. b5 Rd5 54. b6 Re5+ 55. Kd2 Rf2+ 56. Kc3 Rf8 57. Kd4 Re1 58. Rbc7 Rd1+ 59. Kc3 Rc1+ 60. Kb2 Rb1+ 61. Ka2 Rxb6 62. Rg7+ Kh8 63. Rgd7 Ra8+ 64. Ra7 Rxa7+ 65. Rxa7 Rxd6 0-1

[Event "*** Titled Tuesday Blitz"]
[Site "Chess.com"]
[Date "2020.05.12"]
[Round "6"]
[White "AndrewDGreen"]
[Black "atalz0"]
[Result "1/2-1/2"]
[WhiteElo "2289"]
[BlackElo "2436"]
[TimeControl "180+1"]
[EndTime "11:08:04 PDT"]
[Termination "Game drawn by agreement"]

1. e4 d5 2. exd5 Nf6 3. Nf3 Nxd5 4. d4 Bg4 5. c4 Nb6 6. c5 N6d7 7. Be2 Nc6 8. O-O e6 9. Nc3 Be7 10. h3 Bh5 11.
Bf4 O-O 12. a3 Nf6 13. Be3 Nd5 14. Nxd5 Qxd5 15. b4 Bf6 16. b5 Na5 17. Qa4 b6 18. Rac1 Rfd8 19. Rfd1 h6 20. Bf4 Rac8 21. Bd2 Qb3 22.
Qb4 Bxf3 23. Bxf3 Rxd4 24. Qc3 Qxb5 25. Qe3 Nc4 26. Qe2 a6 27. Be3 Nxe3 28. Qxe3 Rxd1+ 29. Rxd1 Qxc5 30. Qe4 Qe5 31. Qb7 Re8 32. Bc6 Rf8 33. Rd7 a5 34. g3 Qc5 35. Rxc7 Bd4 36. Be4 Bxf2+ 37. Kg2 Qe3 38. Bf3 Be1 39. Rc2 Qd3 40.
Re2 Bd2 41. Qc6 Be3 42. a4 Bd4 43. h4 Bc5 44. Re1 Qd2+ 45. Re2 Qc1 46. Qe4 Qg1+ 47. Kh3 g6 48. h5 Kg7 49. hxg6 fxg6 50. Qe5+ Kh7 51.
Bg2 Qd4 52. Qc7+ Kh8 53. Rxe6 Qg7 54. Qc6 Rf7 55. Rxg6 Qf8 56. Rxh6+ Rh7 57. Rxh7+ Kxh7 58. Kg4 Qg7+ 59. Kh4 Qh6+ 60. Qxh6+ Kxh6 61. Kg4 Kg6 62. Bc6 Kf6 63. Kf4 Bd6+ 64. Kg4 Be5 65. Bb5 Ke6 66. Kh4 Bd6 67. g4 Kf6 68. Kh5 Kg7 69. g5 Be7 70. g6 Bf6 71. Be8 Bd8 72. Bf7 Be7 73. Kg4 Bc5 74. Kf5 Bg1 75. Ke6 Bc5 76. Kd7 Bg1 77. Kc6 Bc5 78. Kb5 Bg1 79. Kc6 Bc5 80.
Kb5 Bg1 1/2-1/2

[Event "*** Titled Tuesday Blitz"]
[Site "Chess.com"]
[Date "2020.05.12"]
[Round "6"]
[White "awesomevishesh"]
[Black "javirec"]
[Result "1-0"]
[WhiteElo "2440"]
[BlackElo "2279"]
[TimeControl "180+1"]
[EndTime "11:08:04 PDT"]
[Termination "awesomevishesh won by checkmate"]

1. d4 Nf6 2. c4 g6 3. g3 Bg7 4. Bg2 d6 5. Nf3 O-O 6. O-O Nbd7 7. Nc3 e5 8. e4 exd4 9. Nxd4 Nc5 10. h3 a5 11.
Ndb5 Re8 12. Re1 Bf8 13. Bg5 Ne6 14. Be3 c6 15. Nd4 Nc5 16. Qc2 Nfd7 17. Rad1 Qc7 18. b3 Nb6 19. f4 Bd7 20. Bf2 Rad8 21. a3 Na6 22. Nf3 Bc8 23. Bd4 Nd7 24. Qf2 Ndc5 25.
Qc2 Ne6 26. Be3 Nec5 27. Bd4 Ne6 28. Bf6 Be7 29. Bxe7 Qxe7 30. f5 Nec5 31. g4 Nd7 32. g5 Ne5 33. f6 Qf8 34. Nd4 Nc7 35. Re3 Ne6 36. Nxe6 Bxe6 37. Rg3 h6 38. h4 h5 39. Rd2 Nd7 40. Ne2 c5 41. Nf4 Ne5 42. Bf1 Nc6 43. Qc3 Nd4 44. Rxd4 cxd4 45. Qxd4 Rc8 46. Rd3 Bg4 47.
Nd5 Rcd8 48. Bg2 Re5 49. Qb6 Rde8 50. Qxa5 Kh7 51. Qb4 Be6 52. Nc3 Bg4 53. Qxd6 R5e6 54.
Qxf8 Rxf8 55. Kf2 Kg8 56. a4 Rfe8 57. a5 Re5 58. b4 Bc8 59. Nd5 Kf8 60. Ke3 Kg8 61.
b5 Rf8 62. c5 Ree8 63. Ne7+ Kh7 64. Rd6 Be6 65. e5 Rd8 66. Bxb7 Rb8 67. a6 Rbc8 68. Kd4 Rcd8 69. b6 Rde8 70. a7 Bg4 71. c6 Ra8 72. Bxa8 Re8 73. b7 Rxe7 74. fxe7 Bc8 75. e8=Q f5 76.
Qf7+ Kh8 77. Rd8# 1-0

[Event "*** Titled Tuesday Blitz"]
[Site "Chess.com"]
[Date "2020.05.12"]
[Round "6"]
[White "szefru"]
[Black "annacramling"]
[Result "1-0"]
[WhiteElo "2098"]
[BlackElo "1868"]
[TimeControl "180+1"]
[EndTime "11:08:04 PDT"]
[Termination "szefru won on time"]

1. e4 c5 2. Nf3 a6 3. b3 Nc6 4. Bb2 d6 5. g3 Nf6 6. Bg2 Bg4 7. d3 e6 8. O-O Be7 9. Nbd2 O-O 10. h3 Bh5 11. Re1 b5 12. g4 Bg6 13. Nf1 Rc8 14. Ng3 Nd7 15. a4 b4 16. Qe2 Nde5 17.
Nxe5 dxe5 18. Nf1 Nd4 19. Qd1 Bd6 20. Ne3 a5 21. Nc4 Bc7 22. Rf1 Qg5 23. Bc1 Qe7 24. f4 exf4 25. Bxf4 e5 26. Bd2 Ne6 27. Qf3 Nd4 28. Qd1 Ne6 29. Ne3 Nf4 30. Nf5 Bxf5 31. gxf5 Qg5 32. Bxf4 exf4 33. Qf3 Be5 34. Kh2 Bxa1 35.
Rxa1 Qg3+ 36. Qxg3 fxg3+ 37. Kxg3 Rfe8 38. Kf4 f6 39.
Bf3 Kf7 40. Rg1 g6 41. fxg6+ hxg6 42. h4 Rh8 43. Kg3 Rce8 44. Bg4 Re5 45. Rf1 g5 46. hxg5 Rxg5 47. Kf3 Rhg8 48. Rg1 Rh8 49. Rg3 Rh2 50. Ke3 Rxc2 51. d4 Rc3+ 52. Kf4 Rxg3 53. Kxg3 cxd4 54. Kf4 Kg6 55. Be2 Rg2 56. Bc4 Rd2 57. e5 fxe5+ 58. Kxe5 d3 59. Ke4 Rd1 60. Bxd3 Rc1 61. Kd4+ Kf6 62.
Bc4 Rc3 63. Kc5 Ke7 64. Kb5 Kd8 65. Bd5 Rc8 66. Kxa5 Rb8 67. Bc4 Kc7 68. Bb5 Kd6 69. Kxb4 Kd5 70. a5 Kd6 71. a6 Kc7 72. Ka5 Ra8 73.
b4 Ra7 74. Bd3 Kd6 75. b5 1-0

[Event "*** Titled Tuesday Blitz"]
[Site "Chess.com"]
[Date "2020.05.12"]
[Round "6"]
[White "Xeniya2005"]
[Black "AminMolaei"]
[Result "0-1"]
[WhiteElo "2277"]
[BlackElo "2534"]
[TimeControl "180+1"]
[EndTime "11:08:06 PDT"]
[Termination "AminMolaei won on time"]

1. e4 c5 2. Nf3 g6 3. d4 cxd4 4.
Nxd4 Nc6 5. Nc3 Bg7 6. Nb3 Nf6 7. Be2 O-O 8. O-O d6 9. Re1 a5 10. a4 Be6 11. Bf1 Rc8 12. Nd5 Bxd5 13. exd5 Nb4 14. c4 Nd7 15. g3 Nc5 16. Nxc5 Rxc5 17. Rb1 Rc8 18. Bg5 Re8 19. Qd2 Qd7 20. b3 Bf6 21. Be3 Qc7 22. Bh3 Ra8 23. Rbc1 Na6 24. Re2 Nc5 25.
Bxc5 Qxc5 26. Rce1 Red8 27. Kg2 Ra6 28. g4 Rb6 29. g5 Be5 30. f4 Bd4 31. Qd3 Rf8 32.
Rxe7 Bf2 33. R1e2 Qa3 34. Rxf2 Rxb3 35. Qe4 Rxh3 36. f5 Rh5 37. Qg4 Qxa4 38. fxg6 hxg6 39.
h4 Rh7 40. Qf4 Qb4 41. Rd7 b5 42. Rxd6 Rxh4 43. Qxh4 Qxd6 44. Qd4 bxc4 45. Rf6 Qb4 46.
d6 c3 47. Qd3 Qg4+ 48. Qg3 Qxg3+ 49. Kxg3 c2 50. Rf1 Rd8 51. Rc1 Rxd6 52. Rxc2 Rd4 53. Rc5 a4 54. Ra5 Kf8 55. Ra7 Ke8 56. Rb7 Rd7 57.
Rb8+ Ke7 58. Ra8 Rd4 59. Ra6 Rb4 60. Kf3 Kd7 61. Kg3 Ke7 62. Kf3 Rb3+ 63. Kf4 a3 64.
Ke5 Rb5+ 65. Kf4 Rb4+ 66. Ke5 Rb5+ 67. Kf4 Rb3 68. Ke5 Re3+ 69. Kf4 Rh3 70. Ke5 Kd7 0-1